 Dungeon Sprint DCSS version 0.20.1-1-g8b1a95d (webtiles) character file.

32260 potatolord6000 the Severer (level 13, 0/136 HPs)
             Began as a Hill Orc Monk on Sept 7, 2017.
             Was a High Priest of Beogh.
             Slain by a ghostly orc knight
             ... wielding a cursed -1 broad axe
              (8 damage)
             ... in the Dungeon (Sprint VII: "The Pits").
             The game lasted 00:23:42 (3318 turns).

potatolord6000 the Severer (Hill Orc Monk)          Turns: 3318, Time: 00:23:42

Health: 0/136      AC: 32    Str: 25    XL:     13   Next: 63%
Magic:  20/36      EV: 18    Int: 15    God:    Beogh [*****.]
Gold:   57         SH:  0    Dex: 16    Spells: 12/12 levels left

rFire    . . .     SeeInvis .   r - +3 broad axe (freeze)
rCold    . . .     Gourm    .   (no shield)
rNeg     . . .     Faith    .   s - +6 chain mail
rPois    .         Spirit   .   f - +3 hat of Pondering {ponderous, MR+ MP+10 Int+5}
rElec    .         Reflect  .   p - +1 cloak
rCorr    .         Harm     .   D - +2 pair of gloves {Str+3}
MR       +....     NoTele   +   t - +1 pair of boots
Stlth    ..........             (no amulet)
Regen    0.4/turn               b - +3 ring of strength
MPRegen  0.3/turn               q - +3 ring of dexterity

@: slow
A: walk on water
a: Smiting, Recall Orcish Followers, Give Item to Named Follower, Renounce
Religion


You were in the Dungeon.
You worshipped Beogh.
Beogh was extremely pleased with you.
You were not hungry.

You visited 1 branch You collected 57 gold pieces.

Inventory:

Hand Weapons
 r - a +3 broad axe of freezing (weapon)
Armour
 e - a +2 plate armour of positive energy
 f - the +3 hat of Pondering (worn) {ponderous, MR+ MP+10 Int+5}
   (You took it off Gastronok in the Dungeon)

   It affects your intelligence (+5).
   It affects your resistance to hostile enchantments.
   It affects your magic capacity (+10).
 p - a +1 cloak (worn)
 s - a +6 chain mail (worn)
 t - a +1 pair of boots (worn)
 D - a +2 pair of gloves of strength (worn)
Jewellery
 b - a +3 ring of strength (left hand)
 q - a +3 ring of dexterity (right hand)
Scrolls
 i - a scroll of blinking
 k - 4 scrolls of remove curse
 l - 5 scrolls of amnesia
 x - a scroll of fear
 y - a scroll of fog
 z - a scroll of identify
 B - 2 scrolls of recharging
Potions
 a - 2 potions of invisibility
 d - 8 potions of curing
 g - 3 potions of magic
 h - 3 potions of berserk rage
 j - a potion of ambrosia
 v - 2 potions of resistance
Comestibles
 c - 10 bread rations
 n - 40 fruits
 o - 5 meat rations


   Skills:
 + Level 18.5 Fighting
 + Level 19.9 Axes
 + Level 16.9 Armour
 + Level 13.8 Dodging
 - Level 1.5 Stealth
 + Level 19.6 Invocations


You had 12 spell levels left.
You didn't know any spells.

Dungeon Overview and Level Annotations

Branches:
Dungeon (1/1)

Altars:
Ashenzari
Cheibriados
Dithmenos
Elyvilon
Fedhas
Gozag
Hepliaklqana
Kikubaaqudgha
Makhleb
Nemelex Xobeh
Okawaru
Qazlal
Ru
Sif Muna
Trog
Uskayaw
Vehumet
Xom
Yredelemnul
Zin
The Shining One
Beogh
Jiyva
Lugonu

Annotations:
D Snorg


Message History

Your orc high priest hits the orc knight from afar with a trident.
The orc knight hits you but does no damage.
The orc knight barely misses your small abomination.
The orc knight completely misses Saint Roka.
You hit the orc knight but do no damage.
The orc knight is severely wounded.
Your small abomination hits the orc knight.
Saint Roka hits the orc knight with a dire flail!!
The lost soul assumes the form of the orc knight and becomes anchored to this world!
Your orc warrior hits the vault guard with a dire flail.
Your orc high priest prays to Beogh.
Unknown command.
Unknown command.
Unknown command.
You hit the ghostly orc knight but do no damage.
The vault guard completely misses Saint Roka.
The vault guard hits your orc warrior with a broad axe of electrocution.
The ghostly orc knight hits you with an enchanted broad axe!
You die...
Beogh appreciates the ghostly orc knight's killing of a heretic priest.

##''#
##''#############################
##..o............................
##..oo..)...............)........
##..##############')#############
##..# + #..)))...# ##..# #.N
#..).....# #..# #.T.#######)4####
#.. #).# .......#o@o)))..#.....
#..# ......epox3........... #..#
......e#oo......#..... ##..#
###+##.####..#### ##+# ....# #.
#### ....# #e ##### ##
############# ###..'..)..'[)##


You could see a vault guard, a ghostly orc knight, a deep elf death mage, a deep
elf knight, the friendly Saint Roka, a friendly orc knight, a friendly orc high
priest, a friendly sun demon, a friendly ice devil, a friendly orc warrior and a
friendly small abomination.

Vanquished Creatures
  Gastronok (D)
  3 orc warlords (D)
  A black draconian (D)
  Nessos (D)
  3 eidola (D)
  A green death (D)
  Josephine (D)
  An ice dragon (D)
  A naga warrior (D)
  An anaconda (D)
  A flayed ghost (D)
  4 orc knights (D)
  A wolf spider (D)
  A harpy (D)
  A deep elf mage (D)
  A manticore (D)
  A molten gargoyle (D)
  An eye of devastation (D)
  2 demonic crawlers (D)
  An efreet (D)
  A komodo dragon (D)
  2 red devils (D)
  A wandering mushroom (D)
  A troll (D)
  A jumping spider (D)
  A merfolk (D)
  7 dream sheep (D)
  A blink frog (D)
  A ynoxinul (D)
  3 wraiths (D)
  Sigmund (D)
  A basilisk (D)
  3 vampire mosquitoes (D)
  A neqoxec (D)
  A hungry ghost (D)
  2 nagas (D)
  A chaos spawn (D)
  A soldier ant (D)
  A water moccasin (D)
  5 hell hounds (D)
  A porcupine (D)
  2 orc warriors (D)
  Purgy (D)
  An ogre (D)
  6 wolves (D)
  A crocodile (D)
  An iron imp (D)
  Jessica (D)
  A hell rat (D)
  An adder (D)
  A white imp (D)
  An ufetubus (D)
  A leopard gecko (D)
  An orc (D)
  2 goblins (D)
  4 jackals (D)
  A quokka (D)
  A leopard gecko zombie (D)
92 creatures vanquished.

Vanquished Creatures (collateral kills)
  A white draconian (D)
  2 naga warriors (D)
  A hydra (D)
  A vault guard (D)
  A swamp dragon (D)
  A phantasmal warrior (D)
  2 orc knights (D)
  2 lindwurms (D)
  7 harpies (D)
  2 deep elf magi (D)
  A manticore (D)
  A rust devil (D)
  A hellwing (D)
  A tyrant leech (D)
  2 snapping turtles (D)
  2 dream sheep (D)
  2 blink frogs (D)
  A redback (D)
  A tarantella (D)
  A vampire (D)
  2 wyverns (D)
  A hungry ghost (D)
  A vampire mosquito (D)
  A warg (D)
  An ice beast (D)
  A wolf (D)
  A quasit (D)
  A hound (D)
  An orc wizard (D)
  2 jackals (D)
  A ball python skeleton (D)
46 creatures vanquished.

Vanquished Creatures (others)
  3 orc knights (D)
  5 orc wizards (D)
  An orc priest (D)
  2 orc warriors (D)
  4 orcs (D)
15 creatures vanquished.

Grand Total: 153 creatures vanquished

Notes
Turn   | Place    | Note
-------+----------+-------------------------------------------
     0 | D        | potatolord6000 the Hill Orc Monk began the quest for the Orb.
     0 | D        | Reached XP level 1. HP: 19/19 MP: 1/1
    66 | D        | Found a bloodstained altar of Trog.
    66 | D        | Found a deep blue altar of Sif Muna.
    66 | D        | Found a viscous altar of Jiyva.
    66 | D        | Found a hazy altar of Hepliaklqana.
    66 | D        | Found an opulent altar of Gozag.
    67 | D        | Found a glowing golden altar of the Shining One.
    67 | D        | Found a glowing silver altar of Zin.
    67 | D        | Found a basalt altar of Yredelemnul.
    67 | D        | Found a shimmering altar of Xom.
    67 | D        | Found a sacrificial altar of Ru.
    67 | D        | Found a stormy altar of Qazlal.
    67 | D        | Found an iron altar of Okawaru.
    67 | D        | Found a sparkling altar of Nemelex Xobeh.
    67 | D        | Found a burning altar of Makhleb.
    67 | D        | Found a blossoming altar of Fedhas.
    67 | D        | Found a white marble altar of Elyvilon.
    67 | D        | Found a shadowy altar of Dithmenos.
    67 | D        | Found a snail-covered altar of Cheibriados.
    69 | D        | Found a radiant altar of Vehumet.
    69 | D        | Found a corrupted altar of Lugonu.
    69 | D        | Found a roughly hewn altar of Beogh.
    71 | D        | Found an ancient bone altar of Kikubaaqudgha.
    71 | D        | Found a hide-covered altar of Uskayaw.
    71 | D        | Found a shattered altar of Ashenzari.
    79 | D        | Became a worshipper of Beogh the Brigand
    79 | D        | Reached * piety under Beogh
    79 | D        | Reached ** piety under Beogh
   102 | D        | Reached skill level 1 in Armour
   106 | D        | Reached skill level 1 in Invocations
   153 | D        | Reached XP level 2. HP: 18/28 MP: 1/3
   157 | D        | Reached *** piety under Beogh
   261 | D        | Reached skill level 5 in Fighting
   261 | D        | Reached skill level 5 in Axes
   261 | D        | Reached XP level 3. HP: 31/36 MP: 0/5
   266 | D        | Reached **** piety under Beogh
   349 | D        | Noticed a water moccasin
   349 | D        | Noticed an ogre
   350 | D        | Noticed a wolf
   351 | D        | Noticed a porcupine
   356 | D        | Killed a water moccasin
   356 | D        | Reached skill level 5 in Invocations
   356 | D        | Reached XP level 4. HP: 40/45 MP: 2/8
   356 | D        | Reached XP level 5. HP: 45/51 MP: 2/9
   361 | D        | Killed a wolf
   361 | D        | Reached skill level 5 in Armour
   361 | D        | Reached skill level 5 in Dodging
   364 | D        | Killed a porcupine
   364 | D        | Reached XP level 6. HP: 15/61 MP: 4/11
   554 | D        | Reached XP level 7. HP: 60/69 MP: 13/13
   600 | D        | Reached skill level 10 in Axes
   601 | D        | Reached ***** piety under Beogh
   695 | D        | Noticed a jumping spider
   695 | D        | Noticed a hungry ghost
   698 | D        | Killed a hungry ghost
   701 | D        | Killed a jumping spider
   701 | D        | Reached XP level 8. HP: 54/79 MP: 4/15
   707 | D        | Reached skill level 10 in Fighting
   707 | D        | Reached skill level 10 in Invocations
   839 | D        | Noticed Jessica
   839 | D        | Noticed a dream sheep
   840 | D        | Noticed a dream sheep
   840 | D        | Noticed a dream sheep
   841 | D        | Noticed a dream sheep
   841 | D        | Killed a dream sheep
   843 | D        | Noticed a dream sheep
   843 | D        | Noticed an efreet
   844 | D        | Killed an efreet
   852 | D        | Killed a dream sheep
   852 | D        | Killed a dream sheep
   852 | D        | Reached XP level 9. HP: 72/89 MP: 7/17
   855 | D        | Reached skill level 10 in Armour
   859 | D        | Killed Jessica
   921 | D        | Noticed a deep elf mage
   921 | D        | Noticed a troll
   921 | D        | Noticed a demonic crawler
   921 | D        | Noticed Josephine
   921 | D        | Noticed a manticore
   924 | D        | Killed a demonic crawler
   926 | D        | Killed a troll
   929 | D        | Noticed a demonic crawler
   930 | D        | Noticed a red devil
   930 | D        | Killed a manticore
   931 | D        | Noticed a hellwing
   935 | D        | Noticed a sixfirhy
   946 | D        | Noticed a demonic crawler
   950 | D        | Noticed a hellwing
   957 | D        | Noticed a smoke demon
   959 | D        | Noticed a demonic crawler
   962 | D        | Killed a deep elf mage
   962 | D        | Reached XP level 10. HP: 24/100 MP: 19/19
   969 | D        | Killed Josephine
  1264 | D        | Gained Orbeogh as an ally
  1264 | D        | Reached ****** piety under Beogh
  1280 | D        | Noticed a harpy
  1281 | D        | Noticed a harpy
  1282 | D        | Killed a harpy
  1282 | D        | Reached skill level 10 in Dodging
  1283 | D        | Noticed a harpy
  1284 | D        | Killed a harpy
  1285 | D        | Noticed a harpy
  1288 | D        | Noticed a harpy
  1288 | D        | Killed a harpy
  1289 | D        | Killed a harpy
  1289 | D        | Reached skill level 15 in Axes
  1289 | D        | Reached XP level 11. HP: 51/110 MP: 7/21
  1293 | D        | Killed a harpy
  1508 | D        | Noticed a lindwurm
  1509 | D        | Noticed Gastronok
  1511 | D        | Killed a lindwurm
  1522 | D        | Reached skill level 15 in Invocations
  1526 | D        | Killed Gastronok
  1736 | D        | Noticed a harpy
  1742 | D        | Killed a harpy
  1756 | D        | Noticed a harpy
  1757 | D        | Noticed a harpy
  1761 | D        | Killed a harpy
  1761 | D        | Reached skill level 15 in Fighting
  1763 | D        | Killed a harpy
  1772 | D        | Noticed a lindwurm
  1773 | D        | Killed a lindwurm
  1848 | D        | Noticed Sigmund
  1848 | D        | Noticed a swamp dragon
  1850 | D        | Noticed Purgy
  1852 | D        | Noticed Nessos
  1863 | D        | Killed a swamp dragon
  1867 | D        | Killed Nessos
  1867 | D        | Reached XP level 12. HP: 94/122 MP: 24/24
  1871 | D        | Killed Purgy
  1876 | D        | Killed Sigmund
  2237 | D        | Noticed an anaconda
  2242 | D        | Killed an anaconda
  2392 | D        | Noticed a six-headed hydra
  2392 | D        | Noticed a black draconian
  2392 | D        | Noticed a white draconian
  2392 | D        | Noticed an eidolon
  2392 | D        | Noticed an eidolon
  2394 | D        | Killed a six-headed hydra
  2394 | D        | Reached skill level 15 in Armour
  2397 | D        | Killed an eidolon
  2399 | D        | Killed an eidolon
  2408 | D        | Killed a black draconian
  2408 | D        | Killed a white draconian
  2761 | D        | Noticed an orc high priest
  2769 | D        | Noticed a naga warrior
  2769 | D        | Noticed Saint Roka
  2772 | D        | Noticed an eidolon
  2774 | D        | Noticed a naga warrior
  2781 | D        | Killed an eidolon
  2781 | D        | Reached XP level 13. HP: 107/132 MP: 22/26
  2798 | D        | Noticed a green death
  2801 | D        | Killed a green death
  2814 | D        | Gained Syrus as an ally
  2820 | D        | Noticed an ice dragon
  2824 | D        | Killed an ice dragon
  2844 | D        | Noticed an orc warlord
  2850 | D        | Killed an orc warlord
  3233 | D        | Noticed an orc warlord
  3233 | D        | Noticed an orc warlord
  3238 | D        | Killed an orc warlord
  3242 | D        | Killed an orc warlord
  3247 | D        | Your ally Orbeogh died
  3252 | D        | Your ally Syrus died
  3262 | D        | HP: 1/136 [orc knight/bardiche (25)]
  3287 | D        | Noticed a vault guard
  3298 | D        | Killed a vault guard
  3307 | D        | Noticed a vault guard
  3308 | D        | Noticed Snorg
  3312 | D        | Noticed a deep elf death mage
  3318 | D        | Slain by a ghostly orc knight

Skill      XL: |  1  2  3  4  5  6  7  8  9 10 11 12 13 |
---------------+----------------------------------------+-----
Fighting       | 4 5 6 7 8 9 11 12 14 15 17 18 | 18.5
Armour         | 1 2 4 6 7 8 9 11 12 14 15 16 | 16.9
Invocations    | 1 3 5 7 8 9 11 13 14 16 18 19 | 19.6
Dodging        | 3 4 5 6 7 9 10 11 12 13 | 13.8
Axes           | 5 7 8 9 10 12 13 15 16 18 19 | 19.9
Stealth        | |  1.5

Action                   |  1- 3 |  4- 6 |  7- 9 | 10-12 | 13-15 || total
-------------------------+-------+-------+-------+-------+-------++-------
Melee: Hand axe          |    23 |    21 |     9 |       |       ||    53
       Broad axe         |       |       |    30 |   123 |    73 ||   226
Invok: Smiting           |     2 |     3 |    15 |    35 |    20 ||    75
       Give Item to Name |       |       |       |     1 |       ||     1
       Resurrection      |       |       |       |       |     2 ||     2
  Use: Potion            |       |     3 |     7 |     4 |    11 ||    25
       Scroll            |       |       |       |     6 |     1 ||     7
 Stab: Sleeping          |     1 |       |       |       |       ||     1
  Eat: Meat ration       |       |       |     1 |     1 |       ||     2
Armor: Chain mail        |    27 |    13 |    36 |    98 |    43 ||   217
Dodge: Dodged            |    17 |    14 |    34 |   143 |    58 ||   266
